AoeStats
← joaqo9909

Arena

510408622Analyzed
4v4 RM · 15h ago on Sep 30, 2026· 99m 40s· 8 players
Game mode
Random Map
Map size
Large (8 player)
Population
200
Speed
Normal
Resources
Standard
Victory
Conquest
Starting age
Dark Age
Ending age
Imperial Age
RankedLock teamsTeams togetherTeam positionsShared explorationLock speedFull tech treeHidden civsTurbo modeCheats
Victory
Defeat
🇦🇷 Poles · Argentina
951
+13
🇬🇧 Saxons · United Kingdom
794
+19
🇫🇷 Turks · France
768
+20
🇬🇧 Britons · United Kingdom
750
+20
🇩🇪 Cumans · Germany
1328
-31
🇹🇷 Khmer · Türkiye
864
-19
🇹🇷 Varangians · Türkiye
811
-16
🇩🇪 Wu · Germany
517
-6
King Lear
10:22 Feudal Age
15:23 Castle Age
13:31 Double-Bit Axe
13:49 Horse Collar
19:07 Bow Saw
19:15 Loom
19:59 Gold Mining
22:11 Wheelbarrow
25:34 Gold Shaft Mining
25:30 Heavy Plow
27:07 Hand Cart
27:41 Stone Mining
31:31 Imperial Age
29:31 Pikeman
33:17 Chemistry
32:39 Conscription
32:10 Heavy Scorpion
33:45 Forging
34:19 Double Crossbow
38:01 Light Cavalry
39:38 Husbandry
42:55 Hussar
45:26 Iron Casting
44:31 Halberdier
52:46 Capped Ram
59:38 Siege Ram
88:22 Blast Furnace
87:23 Scale Mail Armor
The-Cyber-Samurai
3:14 Loom
12:35 Feudal Age
13:41 Double-Bit Axe
17:24 Castle Age
17:20 Town Watch
18:19 Fletching
19:08 Wheelbarrow
18:46 Bow Saw
metro86
4:54 Loom
10:30 Feudal Age
16:05 Castle Age
14:16 Double-Bit Axe
17:13 Bow Saw
18:07 Horse Collar
23:37 Heavy Plow
26:20 Wheelbarrow
28:02 Hand Cart
28:55 Town Watch
29:09 Gold Mining
30:17 Stone Mining
37:38 Imperial Age
35:13 Fletching
35:23 Padded Archer Armor
35:36 Forging
36:08 Gold Shaft Mining
35:56 Town Patrol
35:57 Bodkin Arrow
36:18 Red Cliffs Tactics
37:30 Leather Archer Armor
39:24 Ballistics
39:18 Masonry
38:56 Elite Fire Archer
39:39 Sitting Tiger
40:31 Conscription
41:55 Chemistry
40:57 Bracer
42:05 Two-Man Saw
53:59 Onager
55:33 Architecture
54:58 Murder Holes
54:44 Treadmill Crane
54:56 Heated Shot
54:56 Guard Tower
55:17 Clinker Construction
73:22 Elite Skirmisher
lumpensammler666
9:04 Feudal Age
9:58 Double-Bit Axe
9:55 Horse Collar
20:08 Castle Age
19:28 Wheelbarrow
21:11 Hand Cart
21:09 Bow Saw
21:00 Heavy Plow
21:40 Gold Mining
21:41 Stone Mining
23:47 Scale Barding Armor
23:52 Forging
27:02 Imperial Age
25:39 Chain Barding Armor
26:36 Iron Casting
27:02 Gold Shaft Mining
27:04 Loom
28:29 Plate Barding Armor
28:55 Blast Furnace
27:24 Capped Ram
28:11 Fletching
28:08 Cavalier
28:58 Bloodlines
30:19 Bloodlines
29:31 Paladin
32:16 Bodkin Arrow
31:49 Siege Ram
34:28 Squires
36:44 Light Cavalry
38:08 Masonry
38:14 Hussar
45:35 Elite Kipchak
46:19 Padded Archer Armor
47:22 Leather Archer Armor
48:09 Chemistry
48:02 Ballistics
48:20 Elite Skirmisher
49:05 Thumb Ring
73:20 Caravan
85:14 Crop Rotation
Jack
2:34 Loom
10:52 Feudal Age
11:26 Double-Bit Axe
11:28 Horse Collar
13:04 Gold Mining
19:05 Castle Age
18:11 Padded Archer Armor
21:08 Heavy Plow
21:20 Bow Saw
22:33 Crossbowman
23:28 Scale Mail Armor
24:12 Town Watch
25:46 Wheelbarrow
25:23 Fletching
26:08 Bloodlines
26:28 Forging
28:27 Thumb Ring
31:32 Iron Casting
31:13 Chain Mail Armor
31:04 Scale Barding Armor
30:59 Pikeman
32:16 Hand Cart
32:27 Fortified Wall
32:42 Stone Mining
33:27 Gold Shaft Mining
33:58 Bodkin Arrow
37:57 Murder Holes
37:45 Treadmill Crane
50:45 Light Cavalry
53:56 Elite Skirmisher
57:34 Leather Archer Armor
80:56 Ballistics
81:54 Devotion
85:57 Imperial Age
84:42 Squires
86:36 Halberdier
88:03 Conscription
90:10 Gambesons
98:38 Guilds
99:08 Crop Rotation
99:40 Two-Man Saw
100:09 Plate Mail Armor
joaqo9909
11:17 Feudal Age
16:30 Castle Age
14:23 Horse Collar
15:18 Double-Bit Axe
16:26 Loom
23:33 Heavy Plow
25:12 Scale Mail Armor
27:38 Forging
28:42 Wheelbarrow
28:29 Chain Mail Armor
33:06 Imperial Age
30:52 Bow Saw
33:23 Elite Obuch
35:41 Iron Casting
35:37 Plate Mail Armor
36:29 Hand Cart
35:38 Light Cavalry
36:29 Bloodlines
37:06 Winged Hussar
41:16 Lechitic Legacy
42:58 Blast Furnace
44:43 Conscription
46:16 Scale Barding Armor
47:18 Chain Barding Armor
87:25 Gold Mining
93:11 Fletching
legnA
10:25 Feudal Age
10:32 Feudal Age
12:08 Double-Bit Axe
15:43 Castle Age
13:36 Horse Collar
18:44 Bow Saw
18:59 Heavy Plow
24:43 Wheelbarrow
23:57 Town Watch
24:02 Loom
24:36 Stone Mining
24:36 Gold Mining
24:36 Stone Mining
25:04 Gold Mining
26:58 Gold Shaft Mining
29:21 Hand Cart
29:07 Town Patrol
29:09 Fletching
29:20 Padded Archer Armor
29:34 Caravan
33:43 Imperial Age
33:26 Coinage
33:18 Bodkin Arrow
33:38 Leather Archer Armor
36:00 Conscription
35:59 Murder Holes
36:25 Ballistics
37:06 Chemistry
38:34 Warwolf
39:38 Bracer
40:09 Ring Archer Armor
39:49 Forging
39:39 Scale Mail Armor
39:45 Scale Barding Armor
40:17 Elite Longbowman
40:45 Pikeman
41:25 Squires
42:51 Banking
41:45 Halberdier
43:21 Yeomen
44:41 Hoardings
45:57 Arson
46:52 Iron Casting
46:32 Chain Mail Armor
46:37 Chain Barding Armor
47:09 Capped Ram
52:36 Blast Furnace
52:06 Plate Mail Armor
52:11 Plate Barding Armor
80:27 Onager
Lazy Red Panda
9:42 Feudal Age
10:14 Double-Bit Axe
10:12 Horse Collar
20:15 Castle Age
18:30 Stone Mining
19:31 Fletching
19:42 Padded Archer Armor
19:35 Gold Mining
21:58 Bow Saw
21:51 Heavy Plow
24:50 Caravan
26:48 Wheelbarrow
26:49 Murder Holes
33:05 Imperial Age
30:54 Hand Cart
30:25 Town Watch
33:07 Ballistics
32:38 Heated Shot
32:39 Guard Tower
33:46 Sipahi
34:34 Elite Janissary
36:31 Bombard Tower
41:16 Arrowslits
42:07 Keep
82:37 Bloodlines
82:28 Husbandry
90:27 Scale Mail Armor
95:41 Chain Mail Armor
95:29 Squires
Connection lost

Rejoining the realm…

Still unreachable

The connection could not be restored.

Session expired

The server has moved on; the page needs a fresh start.